AoeStats
← Faviid

Black Forest

505280523Analyzed
1v1 RM · 23d ago on Sep 8, 2026· 28m 57s· 2 players
Game mode
Random Map
Map size
Tiny (2 player)
Population
200
Speed
Normal
Resources
Standard
Victory
Conquest
Starting age
Dark Age
Ending age
Imperial Age
RankedLock teamsTeams togetherTeam positionsShared explorationLock speedFull tech treeHidden civsTurbo modeCheats
Victory
Defeat
🇧🇷 Franks · Brazil
660
+18
🇩🇪 Jurchens · Germany
709
-18
Temokay
11:09 Feudal Age
11:45 Double-Bit Axe
13:51 Loom
18:53 Castle Age
20:31 Bow Saw
24:19 Scale Mail Armor
28:48 Fletching
Faviid
11:37 Feudal Age
15:01 Double-Bit Axe
17:04 Horse Collar
19:27 Castle Age
20:19 Wheelbarrow
22:44 Pikeman
24:32 Crossbowman
25:17 Padded Archer Armor
Connection lost

Rejoining the realm…

Still unreachable

The connection could not be restored.

Session expired

The server has moved on; the page needs a fresh start.